 Dungeon Crawl Stone Soup version 0.21.1-1-g345015fe64 (webtiles) character file.

18291 Revguard the Carver (level 12, -11/109 HPs)
             Began as a Gargoyle Fighter on June 7, 2018.
             Was a Priest of Nemelex Xobeh.
             Killed by divine providence
             ... invoked by an orc priest
              (15 damage)
             ... on level 2 of the Orcish Mines.
             The game lasted 01:30:48 (11316 turns).

Revguard the Carver (Gargoyle Fighter)             Turns: 11316, Time: 01:30:50

Health: -11/109    AC: 26    Str: 31    XL:     12   Next: 57%
Magic:  0/18       EV:  2    Int:  8    God:    Nemelex Xobeh [***...]
Gold:   550        SH: 13    Dex: 13    Spells: 13/16 levels left

rFire    + . .     SeeInvis .   D - +4 demon blade
rCold    + + .     Gourm    .   c - +0 shield
rNeg     + + +     Faith    .   (armour currently unavailable)
rPois    ∞         Spirit   +   (helmet currently unavailable)
rElec    +         Reflect  .   (cloak currently unavailable)
rCorr    +         Harm     .   (gloves currently unavailable)
MR       .....     NoTele   +   (boots currently unavailable)
Stlth    +.........             v - amulet of guardian spirit
HPRegen  0.28/turn              u - +4 ring of strength
MPRegen  0.16/turn              A - ring of protection from cold

@: mighty, tree-form, resistant, studying Short Blades
A: negative energy resistance 1, petrification resistance, rot immunity, AC +8
a: Triple Draw, Renounce Religion


You were on level 2 of the Orcish Mines.
You worshipped Nemelex Xobeh.
Nemelex Xobeh was most pleased with you.
You were not hungry.
You were a tree.
You visited 3 branches of the dungeon, and saw 14 of its levels.
You also visited: Ice Cave.

You collected 550 gold pieces.

Inventory:

Hand Weapons
 D - a +4 demon blade (weapon)
Armour
 c - a +0 shield (worn)
 i - the +2 pair of boots of Space (melded) {rElec rF- MR+++ Int-4}
   (You found it in an ice cave)

   It affects your intelligence (-4).
   It makes you vulnerable to fire.
   It insulates you from electricity.
   It affects your resistance to hostile enchantments.
 p - a +2 hat (melded)
 s - a +0 cloak (melded)
 w - a +2 troll leather armour (melded) {Purgy}
 I - a +0 pair of gloves (melded)
Jewellery
 b - a +3 ring of intelligence
 r - a +3 ring of protection
 u - a +4 ring of strength (left branch)
 v - an amulet of guardian spirit (around neck)
 A - a ring of protection from cold (right branch)
Wands
 l - a wand of random effects (14)
Scrolls
 e - 7 scrolls of teleportation
 j - 5 scrolls of remove curse
 o - a scroll of amnesia
 y - a scroll of fear
 z - 2 scrolls of identify
Potions
 d - a potion of might
 k - 2 potions of lignification
 m - a potion of magic
 n - 2 potions of brilliance
 q - 2 potions of haste
 x - 3 potions of degeneration
 N - a potion of berserk rage
 Q - 3 potions of flight
Books
 a - a Young Poisoner's Handbook

   Spells                             Type                      Level
   a - Sting                          Conjuration/Poison           1
   b - Poisonous Vapours              Poison/Air                   2
   c - Mephitic Cloud                 Conjuration/Poison/Air       3
   d - Olgreb's Toxic Radiance        Poison                       4
   e - Venom Bolt                     Conjuration/Poison           5
 g - a book of Debilitation

   Spells                             Type                      Level
   a - Corona                         Hexes                        1
   b - Slow                           Hexes                        2
   c - Inner Flame                    Hexes/Fire                   3
   d - Portal Projectile              Hexes/Translocation          3
   e - Cause Fear                     Hexes                        4
   f - Leda's Liquefaction            Hexes/Earth                  4
 t - a book of Cantrips

   Spells                             Type                      Level
   a - Confusing Touch                Hexes                        1
   b - Animate Skeleton               Necromancy                   1
   c - Summon Small Mammal            Summoning                    1
   d - Apportation                    Translocation                1
 B - a manual of Short Blades
 L - a book of Geomancy

   Spells                             Type                      Level
   a - Sandblast                      Earth                        1
   b - Passwall                       Transmutation/Earth          2
   c - Stone Arrow                    Conjuration/Earth            3
   d - Petrify                        Transmutation/Earth          4
   e - Lee's Rapid Deconstruction     Earth                        5
 R - a book of Callings

   Spells                             Type                      Level
   a - Summon Small Mammal            Summoning                    1
   b - Call Imp                       Summoning                    2
   c - Call Canine Familiar           Summoning                    3
   d - Summon Guardian Golem          Hexes/Summoning              3
   e - Summon Lightning Spire         Summoning/Air                4
   f - Summon Ice Beast               Ice/Summoning                4
Miscellaneous
 G - a plain deck of escape {drawn: 4}
Comestibles
 f - 16 rations


   Skills:
 + Level 7.9 Fighting
 + Level 10.0 Long Blades
   Level 0.6 Bows
 + Level 5.5 Armour
 + Level 5.4 Dodging
 + Level 9.7 Shields
 - Level 2.5 Spellcasting
 - Level 2.6 Hexes
 - Level 8.0 Invocations
 - Level 6.9 Evocations


You had 13 spell levels left.
You knew the following spells:

 Your Spells              Type           Power        Failure   Level  Hunger
a - Summon Small Mammal   Summ           #...         54%         1    ##.....
b - Slow                  Hex            #.......     32%         2    ###....


Dungeon Overview and Level Annotations

Branches:
Dungeon (11/15)            Temple (1/1) D:7             Orc (2/2) D:11
   Lair: D:8-11         Elf: Orc:2

Altars:
Ashenzari
Cheibriados
Dithmenos
Elyvilon
Fedhas
Gozag
Hepliaklqana
Kikubaaqudgha
Makhleb
Nemelex Xobeh
Okawaru
Qazlal
Ru
Sif Muna
Trog
Uskayaw
Vehumet
Wu Jian
Xom
Yredelemnul
Zin
The Shining One

Shops:
D:5 *   D:11 [   Orc:2 *


Innate Abilities, Weirdness & Mutations

You are resistant to torment.
((Your stone body is resilient. (AC +8)))
You are immune to poison.
You resist negative energy. (rN+)
((You are resistant to electric shocks. (rElec)))
((You can survive without breathing.))
You are immune to petrification.
You are immune to rotting.
((Your large and strong wings let you fly indefinitely.))
((You are occasionally teleported next to monsters.))


Message History

Evoke which item? (* to show all) (? for menu, Esc to quit)
You draw a card...
It is Velocity.
The orc warrior seems to speed up. x4
The orc wizard seems to speed up.
The orc priest seems to speed up.
The orc wizard seems to speed up. x2; The orc seems to speed up. x3
You block the orc warrior's attack.
The orc wizard gestures wildly while chanting.
The orc wizard blinks!
The orc warrior hits you but does no damage.
You hit the orc warrior.
You kill the orc warrior!
You block the orc warrior's attack. x2
You barely miss the orc warrior.
The orc warrior is heavily wounded.
The orc wizard gestures wildly while chanting.
The orc wizard blinks!
You block the orc warrior's attack.
The orc warrior hits you but does no damage.
The orc priest calls down the wrath of Beogh upon you.
Beogh smites you!
You die...
Your body disappears without a glow.

P........(...P....
..o..o.....o......
..#.<............∩
####...$..P.....
#....o.o#......
#.ooo.o###.....
##oo.oo# .....
###o### ..... #♣#
###


You could see an orc knight, 4 orc warriors, an orc priest, 2 orc wizards and 3
orcs.

Vanquished Creatures
  A two-headed ogre (D:9)
  2 hell knights (D:10)
  A necromancer (IceCv)
  An orc knight (Orc:2)
  A deep elf mage (D:10)
  3 ice statues (IceCv)
  7 ice devils (IceCv)
  5 trolls
  A hippogriff (D:10)
  Sigmund (D:3)
  2 hogs (D:9)
  A yak (D:9)
  A human (D:9)
  A hungry ghost (D:9)
  An acid dragon (D:11)
  4 hell hounds (D:10)
  Purgy (D:3)
  Duvessa (D:7)
  2 black bears
  An eye of draining (D:9)
  3 ice beasts
  7 orc warriors
  A hornet zombie (D:10)
  3 sky beasts
  A tengu (D:10)
  4 ogres
  5 centaurs
  2 phantoms
  A big kobold (D:7)
  12 bullfrogs
  2 gnoll sergeants
  A wyvern zombie (D:9)
  Dowan (D:7)
  A scorpion (D:7)
  A water moccasin skeleton (D:9)
  17 killer bees
  3 howler monkeys
  4 wights
  2 draconian simulacra (IceCv)
  4 crimson imps
  2 quasits
  2 bullfrog zombies
  Crazy Yiuf (D:3)
  3 orc priests
  2 hounds
  A jelly (D:10)
  An orc wizard (D:7)
  Natasha (D:3)
  8 worker ants
  3 troll simulacra (IceCv)
  3 centaur simulacra (IceCv)
  A howler monkey zombie (D:7)
  11 gnolls
  18 adders
  2 naga simulacra (IceCv)
  3 shadow imps
  An ooze (D:7)
  An adder skeleton (D:5)
  4 dart slugs
  8 leopard geckos
  21 orcs
  6 bats
  5 giant cockroaches
  2 goblins
  8 hobgoblins
  6 jackals
  3 quokkas
  2 ball pythons
  4 frilled lizards
  12 kobolds
  A leopard gecko skeleton (D:9)
  A quokka zombie (D:9)
  4 rats
  6 plants (D:3)
270 creatures vanquished.

Vanquished Creatures (collateral kills)
  A two-headed ogre (D:9)
  A tengu warrior (D:9)
  7 hell knights (D:10)
  A necromancer (D:10)
  A queen bee (D:9)
  A hog (D:9)
  3 hell hounds (D:10)
  A sky beast (D:4)
  2 centaurs
  3 ogres
  A bullfrog (D:10)
  A scorpion (D:9)
  2 wights (D:10)
  9 killer bees (D:9)
  An orc wizard (D:10)
  3 worker ants
  An ooze (D:10)
  A leopard gecko (D:9)
  2 orcs (D:10)
42 creatures vanquished.

Vanquished Creatures (others)
  A troll (D:10)
  A giant cockroach (D:8)
  8 fungi
  A plant (D:3)
11 creatures vanquished.

Grand Total: 323 creatures vanquished

Notes
Turn   | Place    | Note
-------+----------+-------------------------------------------
     0 | D:1      | Revguard the Gargoyle Fighter began the quest for the Orb.
     0 | D:1      | Reached XP level 1. HP: 14/14 MP: 1/1
   144 | D:1      | Reached XP level 2. HP: 17/19 MP: 3/3
   290 | D:1      | Reached skill level 2 in Long Blades
   832 | D:2      | Found a shimmering altar of Xom.
   833 | D:2      | Found a hazy altar of Hepliaklqana.
   833 | D:2      | Noticed an earth elemental
   834 | D:2      | Noticed an earth elemental
   834 | D:2      | Noticed a spectral ugly thing
   889 | D:2      | Found a sacrificial altar of Ru.
   901 | D:2      | Found a hide-covered altar of Uskayaw.
   903 | D:2      | Noticed a dagger
   906 | D:2      | Noticed a dagger
   912 | D:2      | Reached XP level 3. HP: 23/23 MP: 4/4
  1412 | D:2      | Reached XP level 4. HP: 28/29 MP: 5/5
  1784 | D:3      | Reached skill level 3 in Long Blades
  1929 | D:3      | Noticed Purgy
  1949 | D:3      | Killed Purgy
  1949 | D:3      | Reached XP level 5. HP: 17/33 MP: 2/6
  1954 | D:3      | Reached skill level 1 in Dodging
  2138 | D:3      | Found a basalt altar of Yredelemnul.
  2215 | D:3      | Reached XP level 6. HP: 38/38 MP: 7/7
  2237 | D:3      | Noticed Sigmund
  2239 | D:3      | Noticed Natasha
  2260 | D:3      | Killed Sigmund
  2260 | D:3      | Reached skill level 4 in Long Blades
  2266 | D:3      | Killed Natasha
  2348 | D:3      | Reached XP level 7. HP: 44/44 MP: 8/8
  2629 | D:3      | Found a runed door.
  2633 | D:3      | Noticed Crazy Yiuf
  2654 | D:3      | Killed Crazy Yiuf
  2654 | D:3      | Reached skill level 5 in Shields
  2829 | D:3      | Found a sparkling altar of Nemelex Xobeh.
  2841 | D:3      | Became a worshipper of Nemelex Xobeh the Trickster
  2845 | D:3      | Learned a level 1 spell: Summon Small Mammal
  3199 | D:4      | Found a white marble altar of Elyvilon.
  3218 | D:4      | Learned a level 2 spell: Slow
  3295 | D:4      | Received a gift from Nemelex Xobeh
  3338 | D:4      | Reached skill level 1 in Spellcasting
  3339 | D:4      | Found a snail-covered altar of Cheibriados.
  3432 | D:4      | Found a radiant altar of Vehumet.
  4063 | D:5      | Entered Level 5 of the Dungeon
  4077 | D:5      | Reached skill level 5 in Long Blades
  4077 | D:5      | Reached skill level 1 in Hexes
  4163 | D:5      | Reached XP level 8. HP: 47/48 MP: 10/10
  4225 | D:5      | Found an ornate altar of the Wu Jian Council.
  4378 | D:5      | Found Zin's Purification Station.
  4385 | D:5      | Found a glowing silver altar of Zin.
  4540 | D:5      | Found an opulent altar of Gozag.
  5100 | D:6      | Reached * piety under Nemelex Xobeh
  5118 | D:6      | Reached skill level 5 in Fighting
  5118 | D:6      | Reached skill level 6 in Long Blades
  5208 | D:6      | Reached XP level 9. HP: 52/54 MP: 9/12
  5279 | D:6      | Reached skill level 1 in Invocations
  5281 | D:6      | Reached skill level 1 in Evocations
  6062 | D:7      | Noticed Duvessa
  6064 | D:7      | Noticed Dowan
  6084 | D:7      | Killed Duvessa
  6142 | D:7      | Killed Dowan
  6196 | D:7      | Reached skill level 7 in Long Blades
  6312 | D:7      | Found a staircase to the Ecumenical Temple.
  6342 | Temple   | Entered the Ecumenical Temple
  6626 | D:7      | Received a gift from Nemelex Xobeh
  6883 | D:7      | Reached ** piety under Nemelex Xobeh
  6965 | D:8      | Received a gift from Nemelex Xobeh
  6971 | D:8      | Found an iron altar of Okawaru.
  7020 | D:8      | Reached XP level 10. HP: 47/60 MP: 10/13
  7457 | D:9      | Noticed a two-headed ogre
  7463 | D:9      | Killed a two-headed ogre
  7477 | D:9      | Noticed a two-headed ogre
  7497 | D:9      | Killed a two-headed ogre
  7497 | D:9      | Reached skill level 8 in Long Blades
  7514 | D:9      | Reached skill level 5 in Invocations
  7698 | D:9      | Received a gift from Nemelex Xobeh
  7748 | D:9      | Reached skill level 5 in Armour
  7791 | D:9      | Noticed a tengu warrior
  7801 | D:9      | Killed a tengu warrior
  7897 | D:9      | Reached XP level 11. HP: 59/66 MP: 13/15
  8591 | D:10     | Entered Level 10 of the Dungeon
  8714 | D:10     | Reached *** piety under Nemelex Xobeh
  8843 | D:10     | Noticed a deep elf mage
  8849 | D:10     | Killed a deep elf mage
  8990 | D:10     | Reached skill level 5 in Evocations
  9372 | D:10     | Gained mutation: You are occasionally teleported next to monsters. [potion of mutation]
  9372 | D:10     | Gained mutation: Your large and strong wings let you fly indefinitely. [potion of mutation]
  9410 | D:10     | Noticed a hell knight
  9420 | D:10     | Killed a hell knight
  9436 | D:10     | Noticed a hell knight
  9436 | D:10     | Noticed a hell knight
  9439 | D:10     | HP: 3/67 [hell hound/blast of flame (5)]
  9650 | D:10     | Noticed a hell knight
  9654 | D:10     | Noticed a hell knight
  9660 | D:10     | Noticed a hell knight
  9664 | D:10     | Noticed a necromancer
  9668 | D:10     | Killed a hell knight
  9672 | D:10     | Noticed a hell knight
  9673 | D:10     | Noticed a hell knight
  9673 | D:10     | Killed a hell knight
  9678 | D:10     | Killed a necromancer
  9682 | D:10     | Killed a hell knight
  9682 | D:10     | Reached skill level 9 in Long Blades
  9686 | D:10     | Killed a hell knight
  9693 | D:10     | Killed a hell knight
 10045 | D:10     | Killed a hell knight
 10080 | D:10     | Killed a hell knight
 10080 | D:10     | Reached skill level 5 in Dodging
 10080 | D:10     | Reached XP level 12. HP: 53/72 MP: 9/17
 10280 | D:11     | Found a staircase to the Orcish Mines.
 10302 | D:11     | Found a frozen archway.
 10321 | IceCv    | Entered an ice cave
 10958 | IceCv    | Got a pair of brightly glowing boots
 10967 | IceCv    | Got a distressingly furry ring mail
 10973 | IceCv    | Identified the +2 pair of boots of Space {rElec rF- MR+++ Int-4} (You found it in an ice cave)
 10983 | IceCv    | Identified the +1 ring mail "Wituomp" {rCorr Stlth+} (You found it in an ice cave)
 11098 | D:11     | Found Unuung's Armour Emporium.
 11141 | Orc:1    | Entered Level 1 of the Orcish Mines
 11145 | Orc:1    | Noticed a two-headed ogre
 11269 | Orc:2    | Entered Level 2 of the Orcish Mines
 11269 | Orc:2    | Found Yshroopi's General Store.
 11298 | Orc:2    | Reached skill level 10 in Long Blades
 11307 | Orc:2    | HP: 1/109 [orc priest/divine providence (13)]
 11316 | Orc:2    | Killed from afar by an orc priest

Skill      XL: |  1  2  3  4  5  6  7  8  9 10 11 12 |
---------------+-------------------------------------+-----
Long Blades    | 2 3 4 5 6 7 8 9 10 | 10.0
Shields        | 4 5 6 8 9 |  9.7
Fighting       | 4 5 6 7 |  7.9
Armour         | 4 5 |  5.5
Dodging        | 1 2 3 4 5 |  5.4
Spellcasting   | 1 2 |  2.5
Hexes          | 1 2 |  2.6
Invocations    | 3 5 7 8 |  8.0
Evocations     | 2 4 6 |  6.9
Bows           | |  0.6

Action                   |  1- 3 |  4- 6 |  7- 9 | 10-12 || total
-------------------------+-------+-------+-------+-------++-------
Melee: Long sword        |   121 |   117 |   636 |   435 ||  1309
       Demon blade       |       |       |       |   252 ||   252
 Fire: Shortbow          |       |       |       |     7 ||     7
 Cast: Slow              |       |       |       |     1 ||     1
Invok: Triple Draw       |       |       |       |     2 ||     2
 Abil: Fly               |       |       |       |     7 ||     7
       Stop Flying       |       |       |       |     7 ||     7
Evoke: Deck              |       |       |     2 |    23 ||    25
       Wand              |       |       |       |    37 ||    37
  Use: Scroll            |       |     7 |     6 |    11 ||    24
       Potion            |       |       |     2 |    12 ||    14
 Stab: Distracted        |       |       |       |     1 ||     1
  Eat: Ration            |     1 |       |     5 |     5 ||    11
       Chunk             |       |     2 |     1 |     1 ||     4
Armor: Scale mail        |    75 |    54 |       |       ||   129
       Troll leather arm |       |    22 |   190 |   415 ||   627
       Skin              |       |       |       |    10 ||    10
Dodge: Dodged            |    36 |    52 |   188 |   448 ||   724
Block: Shield            |    46 |    75 |   268 |   510 ||   899
       Rpst.: Long sword |    13 |    14 |    65 |    74 ||   166
       Demon blade       |       |       |       |    13 ||    13
